 Dungeon Crawl Stone Soup version 0.29.1-2-gbd0b4ee654 (webtiles) character file.

Game seed: 5661895143845924703

79 GorkyZ the Trooper (level 4, -8/35 HPs)
             Began as a Demonspawn Fighter on Nov 19, 2022.
             Mangled by an iron imp (9 damage)
             ... on level 3 of the Dungeon.
             The game lasted 00:04:26 (2810 turns).

GorkyZ the Trooper (Demonspawn Fighter)             Turns: 2810, Time: 00:04:26

Health: -8/35      AC:  6    Str: 18    XL:     4   Next: 16%
Magic:  4/4        EV:  9    Int: 10    God:
Gold:   69         SH:  4    Dex: 12    Spells: 3/3 levels left

rFire   . . .      SeeInvis .   j - +0 mace
rCold   . . .      Faith    .   c - +0 buckler
rNeg    . . .      Spirit   .   b - +0 scale mail
rPois   .          Reflect  .   (no helmet)
rElec   .          Harm     .   (no cloak)
rCorr   .          Rampage  .   (no gloves)
Will    .....                   (no boots)
Stlth   ..........              (no amulet)
HPRegen 0.11/turn               (no ring)
MPRegen 0.09/turn               (no ring)

@: no status effects
A: demonic magic 2, demonic touch 1
a: no special abilities


You were on level 3 of the Dungeon.
You visited 1 branch of the dungeon, and saw 3 of its levels.

You collected 69 gold pieces.

Inventory:

Hand Weapons
 a - a +0 flail
 g - a +0 whip
 j - a +0 mace (weapon)
Armour
 b - a +0 scale mail (worn)
 c - a +0 buckler (worn)
Scrolls
 e - 4 scrolls of enchant armour {unknown}
Potions
 d - a potion of might
 f - a potion of degeneration {unknown}
 h - a potion of ambrosia {unknown}
 i - a potion of lignification {unknown}
 k - a potion of brilliance {unknown}


   Skills:
 + Level 3.4 Fighting
 + Level 2.3 Maces & Flails
 + Level 1.0 Throwing
 + Level 3.0 Armour
 + Level 3.0 Shields
 + Level 1.3 Evocations


You had 3 spell levels left.
You didn't know any spells.
Your spell library contained the following spells:

 Spells                   Type           Power      Damage    Failure   Level
 Call Canine Familiar     Summ           0%         N/A       99%         3
 Portal Projectile        Hex/Tloc       0%         N/A       99%         3
 Leda's Liquefaction      Hex/Erth       0%         N/A       100%        4
 Blade Hands              Tmut           0%         N/A       100%        5
 Irradiate                Conj/Tmut      0%         3d11      100%        5
 Dragon Form              Tmut           0%         N/A       100%        7


Dungeon Overview and Level Annotations

Branches:
Dungeon (3/15)

Altars:
Makhleb
Trog


Innate Abilities, Weirdness & Mutations

Spells you cast may paralyse nearby enemies.
Your touch may inflict minor irresistible damage on your foes.


Message History

You are too injured to fight recklessly!
You are too injured to fight recklessly!
You are too injured to fight recklessly!
You are too injured to fight recklessly!
You are too injured to fight recklessly!
You are too injured to fight recklessly!
You are too injured to fight recklessly!
You are too injured to fight recklessly!
You are too injured to fight recklessly!
You are too injured to fight recklessly!
You are too injured to fight recklessly!
You are too injured to fight recklessly!
You are too injured to fight recklessly!
You are too injured to fight recklessly!
You hit the iron imp.
The iron imp is lightly wounded.
The iron imp barely misses you. The iron imp hits you.
* * * LOW HITPOINT WARNING * * *
You hit the iron imp but do no damage.
The iron imp is lightly wounded.
The iron imp hits you.
* * * LOW HITPOINT WARNING * * *
The iron imp hits you.
* * * LOW HITPOINT WARNING * * *
You hit the iron imp.
The iron imp is moderately wounded.
The iron imp closely misses you. The iron imp barely misses you.
You barely miss the iron imp.
The iron imp is moderately wounded.
The iron imp hits you.
* * * LOW HITPOINT WARNING * * *
The iron imp barely misses you.
You closely miss the iron imp.
The iron imp is moderately wounded.
The iron imp hits you but does no damage.
The iron imp barely misses you.
You hit the iron imp but do no damage.
The iron imp is moderately wounded.
You block the iron imp's attack. The iron imp hits you!
You die...

#.$...§≈.........#
#.....≈§§.....# .#
#.._...8≈§...# .#
#.....§≈.§...###.#
#.....§≈.........#
#....≈≈......##.##
#.≈≈§≈.......##.#
#.§§§5.......##.#
#...5@.......##.#
#############...#
####


You could see 2 iron imps.

Vanquished Creatures
  An iron imp (D:3)
  2 adders (D:2)
  5 endoplasms
  3 giant cockroaches
  4 goblins
  2 hobgoblins
  8 kobolds
  2 bats (D:1)
  A frilled lizard (D:2)
  3 rats
31 creatures vanquished.

Notes
Turn   | Place    | Note
-------+----------+-------------------------------------------
     0 | D:1      | GorkyZ the Demonspawn Fighter began the quest for the Orb.
     0 | D:1      | Reached XP level 1. HP: 18/18 MP: 1/1
    41 | D:1      | Found a faded altar of an unknown god.
   400 | D:1      | Gained mutation: Spells you cast may paralyse adjacent
                  | enemies. [demonic ancestry]
   400 | D:1      | Reached XP level 2. HP: 24/24 MP: 2/2
  1968 | D:2      | Reached skill level 1 in Evocations
  1968 | D:2      | Gained mutation: Your touch may inflict minor irresistible
                  | damage on your foes. [demonic ancestry]
  1968 | D:2      | Reached XP level 3. HP: 6/29 MP: 3/3
  2767 | D:3      | Found a bloodstained altar of Trog.
  2785 | D:3      | Found a burning altar of Makhleb.
  2804 | D:3      | Reached skill level 1 in Throwing
  2804 | D:3      | Gained mutation: Spells you cast may paralyse nearby
                  | enemies. [demonic ancestry]
  2804 | D:3      | Reached XP level 4. HP: 20/35 MP: 4/4
  2808 | D:3      | HP: 1/35 [iron imp (5)]
  2810 | D:3      | Mangled by an iron imp

Illustrated notes

Levels and vault maps discovered:
D:1:      minmay_arrival_checkered_box, layout_basic, basic_ecumenical_altar
D:2:      layout_loops_corners, serial_forest, infiniplex_forest_pool,
          infiniplex_forest_clump_cross, infiniplex_forest_lined_3,
          infiniplex_forest_end_1, infiniplex_forest_straight_4,
          infiniplex_forest_diagonal
D:3:      cheibrodos_helix_gallery, layout_basic, demons_altar,
          lemuel_tele_altar, gup_sewer_entry_bowl

Skill      XL: |  1  2  3 |
---------------+----------+-----
Maces & Flails | 2 |  2.3
Evocations     | 1 |  1.3
Shields        | 3 |  3.0
Throwing       | 1 |  1.0
Armour         | 3 |  3.0
Fighting       | |  3.4

Action                   |  1- 3 |  4- 6 || total
-------------------------+-------+-------++-------
Melee: Whip              |    66 |       ||    66
       Flail             |     6 |       ||     6
       Mace              |    58 |     7 ||    65
  Use: Scroll            |     1 |       ||     1
Armor: Scale mail        |    55 |     1 ||    56
Dodge: Dodged            |    34 |     7 ||    41
Block: Buckler           |    30 |     1 ||    31
